 Dungeon Sprint DCSS version bcrawl-1.21 (webtiles) character file.

Game seed: 2452662602986438868

72 Freyura the Cudgeler (level 4, -7/38 HPs)
             Began as a Demonspawn Gladiator on Feb 9, 2020.
             Was an Initiate of Makhleb.
             Mangled by a cyan ugly thing (16 damage)
             ... in the Dungeon (Sprint IX: "|||||||||||||||||||||||||||||").
             The game lasted 00:02:31 (216 turns).

Freyura the Cudgeler (Demonspawn Gladiator)          Turns: 216, Time: 00:02:31

Health: -7/38      AC: 10    Str: 20    XL:     4   Next: 6%
Magic:  0/4        EV: 13    Int: 10    God:    Makhleb [......]
Gold:   0          SH:  0    Dex: 15    Spells: 3/3 levels left

rFire    . . .     SeeInvis .   p - +2 morningstar (crush)
rCold    . . .     Gourm    .   (no shield)
rNeg     . . .     Faith    .   s - +2 ring mail
rPois    .         Spirit   +   (helmet restricted)
rElec    .         Reflect  .   (no cloak)
rCorr    .         Harm     .   r - +0 pair of gloves
MR       .....     NoTele   +   q - +0 pair of boots
Stlth    +.........             (no amulet)
HPRegen  0.12/turn              t - +3 ring of strength
MPRegen  0.09/turn              u - +3 ring of strength

@: very slightly contaminated, invisible
A: horns 1, magic shield
a: Renounce Religion


You were in the Dungeon.
You worshipped Makhleb.
Makhleb was noncommittal.
You were not hungry.

You visited 1 branch

Inventory:

Hand Weapons
 p - a +2 morningstar of crushing (weapon)
Missiles
 d - 3 throwing nets (quivered) {!f}
Armour
 q - a +0 pair of boots (worn)
 r - a +0 pair of gloves (worn)
 s - a +2 ring mail (worn)
Jewellery
 t - a +3 ring of strength (left hand)
 u - a +3 ring of strength (right hand)
Wands
 m - a wand of acid (10)
Scrolls
 j - 3 scrolls of remove curse
 k - 2 scrolls of blinking
 l - 2 scrolls of amnesia
Potions
 f - 5 potions of curing
 g - 3 potions of heal wounds
 h - a potion of haste
 i - 4 potions of magic
Comestibles
 e - a ration {!d}


   Skills:
 + Level 4.3 Fighting
 + Level 4.5 Maces & Flails
 - Level 1.7 Throwing
 + Level 3.3 Armour
 + Level 4.4 Dodging
 + Level 0.0 Invocations
 + Level 0.0 Evocations


You had 3 spell levels left.
You didn't know any spells.
Your spell library was empty.

Dungeon Overview and Level Annotations

Branches:
Dungeon (1/1)

Altars:
Cheibriados
Dithmenos
Elyvilon
Fedhas
Gozag
Hepliaklqana
Kikubaaqudgha
Lugonu
Makhleb
Nemelex Xobeh
Okawaru
Qazlal
Ru
Sif Muna
Trog
Uskayaw
Vehumet
Wu Jian
Xom
Yredelemnul
Zin
The Shining One
Beogh
Jiyva


Innate Abilities, Weirdness & Mutations

You have a pair of small horns on your head.
When hurt, damage is shared between your health and your magic reserves.


Message History

You hit the purple ugly thing but do no damage.
The purple ugly thing is lightly wounded.
The purple ugly thing claws you.
The purple ugly thing basks in your mutagenic energy and changes!
You puncture the cyan ugly thing!
The cyan ugly thing is moderately wounded.
You hit the cyan ugly thing.
Your headbutt misses the cyan ugly thing.
The cyan ugly thing is moderately wounded.
The cyan ugly thing tentacle-slaps you. The cyan ugly thing shocks you!
You puncture the cyan ugly thing!
The cyan ugly thing is heavily wounded.
The cyan ugly thing barely misses you.
You strike the helpless cyan ugly thing from behind!
You puncture the cyan ugly thing!
The cyan ugly thing is heavily wounded.
The cyan ugly thing tentacle-slaps you!
* * * LOW HITPOINT WARNING * * *
The cyan ugly thing shocks you!
You die... ▓▓▓▓▓▓▓▓▓▓▓▓▓▓▓▓▓▓▓▓▓▓▓▓ .laJHOu@....)|..'_______ ▓▓▓▓▓▓▓▓▓▓▓▓▓▓▓▓▓▓▓▓▓▓▓▓

You could see a cyan ugly thing, a slime creature, a hippogriff, a wyvern, an ogre and a worker ant.

Vanquished Creatures
  A crimson imp (D)
  A worker ant (D)
  An ooze (D)
  A dart slug (D)
  2 goblins (D)
  A hobgoblin (D)
  A frilled lizard (D)
  A giant cockroach zombie (D)
  A rat (D)
10 creatures vanquished.

Notes
Turn   | Place    | Note
-------+----------+-------------------------------------------
     0 | D        | Freyura the Demonspawn Gladiator began the quest for the
                  | Orb.
     0 | D        | Reached XP level 1. HP: 16/16 MP: 1/1
    13 | D        | Reached skill level 1 in Armour
    22 | D        | Noticed a worker ant
    22 | D        | Noticed a crimson imp
    24 | D        | Gained mutation: When hurt, damage is shared between your
                  | health and your magic reserves. [demonic ancestry]
    24 | D        | Reached XP level 2. HP: 23/23 MP: 2/2
    32 | D        | Killed a crimson imp
    32 | D        | Reached XP level 3. HP: 30/30 MP: 1/3
    34 | D        | Gained mutation: You have a pair of small horns on your
                  | head. [demonic ancestry]
    34 | D        | Reached XP level 4. HP: 38/38 MP: 1/4
    43 | D        | Found a roughly hewn altar of Beogh.
    43 | D        | Found a snail-covered altar of Cheibriados.
    43 | D        | Found a shadowy altar of Dithmenos.
    43 | D        | Found a white marble altar of Elyvilon.
    43 | D        | Found a blossoming altar of Fedhas.
    43 | D        | Found an opulent altar of Gozag.
    44 | D        | Found a hazy altar of Hepliaklqana.
    45 | D        | Found a viscous altar of Jiyva.
    46 | D        | Found an ancient bone altar of Kikubaaqudgha.
    47 | D        | Found a corrupted altar of Lugonu.
    48 | D        | Found a burning altar of Makhleb.
    49 | D        | Found a sparkling altar of Nemelex Xobeh.
    50 | D        | Found an iron altar of Okawaru.
    51 | D        | Found a stormy altar of Qazlal.
    52 | D        | Found a sacrificial altar of Ru.
    53 | D        | Found a shimmering blue altar of Sif Muna.
    54 | D        | Found a bloodstained altar of Trog.
    55 | D        | Found a hide-covered altar of Uskayaw.
    56 | D        | Found a radiant altar of Vehumet.
    57 | D        | Found an ornate altar of the Wu Jian Council.
    58 | D        | Found a shimmering altar of Xom.
    59 | D        | Found a basalt altar of Yredelemnul.
    60 | D        | Found a glowing silver altar of Zin.
    61 | D        | Found a glowing golden altar of the Shining One.
    78 | D        | Found the +13 scythe of Curses {drain, *Curse}
    78 | D        | Found the +14 obsidian axe {chop, +Fly SInv *Curse}
   184 | D        | Became a worshipper of Makhleb the Destroyer
   208 | D        | Noticed a wyvern
   208 | D        | Noticed a slime creature
   208 | D        | Noticed a hippogriff
   208 | D        | Noticed an ogre
   208 | D        | Noticed a purple ugly thing
   216 | D        | Mangled by a cyan ugly thing

Skill      XL: |  1  2  3 |
---------------+----------+-----
Maces & Flails | 3 4 |  4.5
Dodging        | 3 4 |  4.4
Armour         | 1 2 3 |  3.3
Fighting       | 3 4 |  4.3
Throwing       | |  1.7

Action                   |  1- 3 |  4- 6 || total
-------------------------+-------+-------++-------
Melee: Flail             |    19 |     1 ||    20
       Morningstar       |       |     7 ||     7
       Headbutt          |       |     1 ||     1
  Use: Potion            |     1 |     1 ||     2
 Stab: Invisible         |       |     1 ||     1
Armor: Leather armour    |     4 |       ||     4
       Ring mail         |       |     1 ||     1
Dodge: Dodged            |    11 |     3 ||    14
